 Dungeon Crawl Stone Soup version 0.20.0-7-g3b7b877 (webtiles) character file.

235 mopl the Firebug (level 5, 0/28 HPs)
             Began as a Deep Elf Fire Elementalist on May 29, 2017.
             Hit by a stone thrown by a big kobold (6 damage)
             ... on level 3 of the Dungeon.
             The game lasted 00:05:59 (2806 turns).

mopl the Firebug (Deep Elf Fire Elementalist)       Turns: 2806, Time: 00:05:59

Health: 0/28       AC:  3    Str:  5    XL:     5   Next: 76%
Magic:  7/13       EV: 13    Int: 21    God:
Gold:   166        SH:  0    Dex: 15    Spells: 4/12 levels left

rFire    . . .     SeeInvis .   (no weapon)
rCold    . . .     Gourm    .   (no shield)
rNeg     + . .     Faith    .   a - +0 robe
rPois    .         Spirit   .   (no helmet)
rElec    .         Reflect  .   u - +0 cloak
rCorr    .         Harm     .   (no gloves)
MR       .....                  (no boots)
Stlth    ++........             (no amulet)
Regen    0.1/turn               f - ring of wizardry
MPRegen  0.2/turn               p - ring of positive energy

@: very slightly contaminated
A: no striking features
a: no special abilities


You were on level 3 of the Dungeon.
You were not hungry.

You visited 1 branch of the dungeon, and saw 3 of its levels.

You collected 166 gold pieces.

Inventory:

Armour
 a - a +0 robe (worn)
 u - a +0 cloak (worn)
Jewellery
 f - a ring of wizardry (left hand)
 p - a ring of positive energy (right hand)
Wands
 v - a wand of flame (11/48)
Scrolls
 d - 2 scrolls of remove curse {unknown}
 h - a scroll of enchant weapon {unknown}
 i - 5 scrolls of identify {unknown}
 j - a scroll of teleportation {unknown}
 n - a scroll of magic mapping {unknown}
 q - a scroll of recharging {unknown}
 r - 2 scrolls of immolation {unknown}
 t - a scroll of enchant armour {unknown}
Potions
 e - a potion of heal wounds {unknown}
 g - 3 potions of mutation {unknown}
 l - a potion of magic {unknown}
 m - a potion of resistance {unknown}
Books
 b - a book of Flames

   Spells                             Type                      Level
   a - Flame Tongue                   Conjuration/Fire             1
   b - Throw Flame                    Conjuration/Fire             2
   c - Conjure Flame                  Conjuration/Fire             3
   d - Inner Flame                    Hexes/Fire                   3
   e - Sticky Flame                   Conjuration/Fire             4
   f - Fireball                       Conjuration/Fire             5
Comestibles
 c - 4 bread rations
 k - a royal jelly
 o - a meat ration
 s - 12 chunks of flesh


   Skills:
 - Level 2.4 Dodging
 - Level 2.4 Stealth
 + Level 4.2 Spellcasting
 * Level 3.7 Conjurations
 * Level 5.5 Fire Magic


You had 4 spell levels left.
You knew the following spells:

 Your Spells              Type           Power        Failure   Level  Hunger
a - Flame Tongue          Conj/Fire      ###..        1%          1    None
c - Conjure Flame         Conj/Fire      ###.....     2%          3    ###....
d - Sticky Flame          Conj/Fire      ###.....     7%          4    ####...


Dungeon Overview and Level Annotations

Branches:
Dungeon (3/15)

Altars:


Message History

The gnoll hits you.
The goblin shoots a stone.
The stone closely misses you.
The goblin shoots a stone.
The stone hits you but does no damage.
You see here a stone.
There is an open door here.
Items here: ( )))) ÷
Casting: Sticky Flame
Confirm with . or Enter, or press ? or * to list all spells.
Aiming: Sticky Flame
Press: ? - help, Shift-Dir - straight line, f - gnoll, p - big kobold
Aim: a gnoll The sticky flame hits the gnoll.
The gnoll appears unharmed.
The gnoll is covered in liquid flames!
The gnoll burns!
The gnoll hits you.
* * * LOW HITPOINT WARNING * * *
The gnoll burns!
The gnoll burns!
The gnoll burns!
You kill the gnoll!
The big kobold throws a stone.
The stone hits you.
You die...

# #.#####(### #...#
################.#####(######.#.#
.....................))((........
.....................)...........
≈≈≈≈≈.≈.≈.≈.≈≈(...≈≈≈.≈.≈≈≈≈.≈.≈≈
≈≈≈≈≈≈≈≈≈≈≈≈≈≈....≈≈≈≈≈≈≈≈≈≈≈≈≈≈≈
≈≈≈≈≈≈≈≈≈≈≈≈≈.....≈≈≈≈≈≈≈≈≈≈≈≈≈≈≈
≈≈≈≈≈≈≈≈≈≈≈≈≈≈.(..≈≈≈≈≈≈≈≈≈≈≈≈≈≈≈
###############)@################
.....#.......#....#.......#..(..#
.)..()...)...#....#.......'......
.)...#########.))K#########..(...
##..........#.....K#............(
#..........'......)...))).......
##..........#......#.............
.....#########....#########.)....
.....'.))....#....#...))(().(....


You could see 2 big kobolds.

Vanquished Creatures
  Jessica (D:2)
  4 adders
  5 gnolls (D:3)
  An ooze (D:1)
  3 worms
  4 dart slugs
  4 orcs (D:3)
  A giant cockroach (D:2)
  28 goblins
  18 hobgoblins
  4 jackals (D:3)
  3 ball pythons
  8 bats
  4 frilled lizards
  3 kobolds
  4 rats (D:1)
95 creatures vanquished.

Notes
Turn   | Place    | Note
-------+----------+-------------------------------------------
     0 | D:1      | mopl the Deep Elf Fire Elementalist began the quest for the Orb.
     0 | D:1      | Reached XP level 1. HP: 10/10 MP: 6/6
   179 | D:1      | Reached XP level 2. HP: 15/15 MP: 2/8
   299 | D:1      | Reached skill level 4 in Fire Magic
   665 | D:2      | Reached XP level 3. HP: 19/19 MP: 4/9
   683 | D:1      | Learned a level 3 spell: Conjure Flame
   730 | D:2      | Reached skill level 2 in Conjurations
   824 | D:2      | Noticed Jessica
   828 | D:2      | Killed Jessica
   834 | D:2      | Reached XP level 4. HP: 19/24 MP: 2/11
  1509 | D:3      | Learned a level 4 spell: Sticky Flame
  1549 | D:3      | Reached skill level 3 in Conjurations
  2250 | D:3      | Reached skill level 5 in Fire Magic
  2250 | D:3      | Reached XP level 5. HP: 28/28 MP: 7/12
  2252 | D:3      | Reached skill level 4 in Spellcasting
  2806 | D:3      | Hit by a stone thrown by a big kobold

Skill      XL: |  1  2  3  4  5 |
---------------+----------------+-----
Fire Magic     | 4 5 |  5.5
Conjurations   | 2 3 |  3.7
Spellcasting   | 4 |  4.2
Dodging        | |  2.4
Stealth        | |  2.4

Action                   |  1- 3 |  4- 6 || total
-------------------------+-------+-------++-------
Melee: Unarmed           |     1 |     1 ||     2
 Cast: Flame Tongue      |    52 |   114 ||   166
       Conjure Flame     |     1 |     2 ||     3
       Sticky Flame      |       |     1 ||     1
  Eat: Chunk             |       |     6 ||     6
Armor: Robe              |     2 |     7 ||     9
Dodge: Dodged            |    15 |    33 ||    48
